 Dungeon Crawl Stone Soup version 0.28.0-53-g5a82cb258f (webtiles) character file.

Game seed: 10693093003560776051

617 Plasmagod the Covered (level 7, -2/55 HPs)
             Began as a Formicid Fighter on July 25, 2022.
             Slain by a troll (10 damage)
             ... on level 5 of the Dungeon.
             The game lasted 00:06:42 (3838 turns).

Plasmagod the Covered (Formicid Fighter)            Turns: 3838, Time: 00:06:43

Health: -2/55      AC: 15    Str: 22    XL:     7   Next: 74%
Magic:  7/7        EV:  9    Int:  8    God:
Gold:   235        SH:  4    Dex: 10    Spells: 6/6 levels left

rFire   . . .      SeeInvis +   v - +6 spear of Iliuts {protect, rC+}
rCold   + . .      Faith    .   c - +0 buckler
rNeg    . . .      Spirit   .   b - +0 scale mail
rPois   .          Reflect  .   (helmet unavailable)
rElec   .          Harm     .   n - +0 cloak
rCorr   .          Rampage  .   (no gloves)
Will    .....                   (no boots)
Stlth   ..........              (no amulet)
HPRegen 0.18/turn               (no ring)
MPRegen 0.10/turn               (no ring)

@: under a protective aura
A: permanent stasis, dig shafts and tunnels, antennae 3, four strong arms
a: Dig, Shaft Self


You were on level 5 of the Dungeon.
You visited 1 branch of the dungeon, and saw 5 of its levels.

You collected 235 gold pieces.

Inventory:

Hand Weapons
 i - a +3 trident
 m - a +4 quarterstaff of chaos
 v - the +6 spear of Iliuts (weapon) {protect, rC+}
   (You found it on level 5 of the Dungeon)

   It grants its wielder temporary protection when it strikes (+7 to AC).
   rC:        It protects you from cold.
Armour
 b - a +0 scale mail (worn)
 c - a +0 buckler (worn)
 n - a +0 cloak (worn)
Scrolls
 g - 4 scrolls of identify {unknown}
 h - a scroll of acquirement {unknown}
 k - a scroll of enchant weapon {unknown}
 l - 9 scrolls of teleportation {unknown}
 p - a scroll of blinking {unknown}
 r - a scroll of amnesia {unknown}
 s - a scroll of brand weapon {unknown}
 t - a scroll of fear {unknown}
 w - a scroll of torment {unknown}
Potions
 a - a potion of magic {unknown}
 d - a potion of flight {unknown}
 e - a potion of berserk rage {unknown}
 f - 2 potions of degeneration {unknown}
 j - 2 potions of curing {unknown}
 o - a potion of ambrosia {unknown}
 q - 2 potions of mutation {unknown}
 u - a potion of lignification {unknown}


   Skills:
 + Level 4.6 Fighting
 + Level 3.2(4.2) Polearms
 + Level 4.0(4.6) Staves
 + Level 5.5 Armour
 + Level 1.1 Dodging
 + Level 1.1 Stealth
 + Level 4.5 Shields


You had 6 spell levels left.
You didn't know any spells.
Your spell library contained the following spells:

 Spells                   Type           Power      Damage    Failure   Level
 Call Canine Familiar     Summ           0%         N/A       98%         3
 Dazzling Flash           Conj/Hex       0%         N/A       98%         3
 Portal Projectile        Hex/Tloc       0%         N/A       98%         3
 Iskenderun's Mystic Bla  Conj/Tloc      0%         2d3       100%        4
 Leda's Liquefaction      Hex/Erth       0%         N/A       100%        4
 Starburst                Conj/Fire      0%         6d3       100%        6


Dungeon Overview and Level Annotations

Branches:
Dungeon (5/15)
 Temple: D:4-7

Altars:
Okawaru


Innate Abilities, Weirdness & Mutations

You cannot be hasted, slowed, berserked, paralysed or teleported.
You can dig through walls and to a lower floor.
You have a pair of large antennae on your head. (SInv)
Your four strong arms can wield two-handed weapons with a shield.


Message History

The troll claws you but does no damage.
You closely miss the troll.
The troll is lightly wounded.
The troll bites you but does no damage. The troll barely misses you.
The troll claws you but does no damage.
You hit the troll but do no damage.
The troll is lightly wounded.
The troll bites you but does no damage. The troll claws you!
The troll closely misses you.
You barely miss the troll.
The troll is lightly wounded.
The troll closely misses you. The troll claws you but does no damage.
The troll claws you.
You puncture the troll!
The troll is moderately wounded.
The troll closely misses you. x2; The troll claws you.
You hit the troll.
The troll is moderately wounded.
The troll bites you! The troll claws you but does no damage.
The troll barely misses you.
You barely miss the troll.
The troll is moderately wounded.
The troll bites you. You block the troll's attack. The troll barely misses you.
You puncture the troll!
The troll is heavily wounded.
The troll bites you. The troll claws you but does no damage.
The troll claws you.
You hit the troll.
The troll is severely wounded.
You hit the troll.
The troll is severely wounded.
The troll bites you but does no damage. The troll claws you!
* * * LOW HITPOINT WARNING * * *
The troll completely misses you.
You hit the troll.
The troll is almost dead.
The troll bites you.
* * * LOW HITPOINT WARNING * * *
The troll claws you but does no damage. The troll claws you!
You die...

#........ ##...♣≈≈≈≈≈P≈≈≈≈≈≈≈≈
#........ #....♣≈≈≈≈≈≈≈≈≈≈≈≈≈
#........ #.....≈≈≈≈≈♣≈≈≈≈≈≈≈
#........ #......♣P≈≈≈≈≈≈P≈≈≈
#)....... #......≈≈≈≈≈♣≈≈P≈≈≈
#)....... #.........♣P≈P♣♣≈♣♣
##........ ###..........###♣P≈≈≈
....###+## #....###########....#
....# #...@# #....'....#( ....#
#...T# #....#....+. ....#+##
#....###########..### #......#
##...........###..### #......#
#...........'.....#. #......#
#.........[.#.....#. #......#
#...........#.....#. #......###
#...........##'##+##
.##+#....#######'###.............


You could see a troll.

Vanquished Creatures
  Grinder (D:4)
  An ogre (D:5)
  A bullfrog (D:4)
  A centaur zombie (D:5)
  A hound (D:5)
  Crazy Yiuf (D:2)
  An orc priest (D:5)
  An iguana (D:5)
  A hound skeleton (D:5)
  A gnoll (D:4)
  An adder (D:5)
  2 ufetubi (D:5)
  2 adder skeletons (D:4)
  A worm (D:2)
  A dart slug (D:3)
  10 orcs
  6 endoplasms
  2 giant cockroaches
  4 goblins (D:1)
  12 hobgoblins
  4 kobolds
  3 quokkas
  5 ball pythons
  7 bats
  A frilled lizard (D:2)
  A rat (D:2)
72 creatures vanquished.

Vanquished Creatures (others)
  A fungus (D:2)
  2 plants (D:2)
3 creatures vanquished.

Grand Total: 75 creatures vanquished

Notes
Turn   | Place    | Note
-------+----------+-------------------------------------------
     0 | D:1      | Plasmagod the Formicid Fighter began the quest for the Orb.
     0 | D:1      | Reached XP level 1. HP: 18/18 MP: 1/1
    10 | D:1      | Noticed a minotaur skeleton
    14 | D:1      | Noticed a minotaur skeleton
   176 | D:1      | Reached XP level 2. HP: 23/24 MP: 2/2
   599 | D:1      | Reached XP level 3. HP: 29/29 MP: 3/3
   775 | D:2      | Found a faded altar of an unknown god.
   980 | D:2      | Found an iron altar of Okawaru.
  1003 | D:2      | Found a runed translucent door.
  1004 | D:2      | Noticed Crazy Yiuf
  1013 | D:2      | Killed Crazy Yiuf
  1014 | D:2      | Reached skill level 4 in Armour
  1014 | D:2      | Reached XP level 4. HP: 8/37 MP: 4/4
  1818 | D:4      | Noticed Grinder
  1825 | D:4      | Killed Grinder
  1826 | D:4      | Reached XP level 5. HP: 39/42 MP: 5/5
  1826 | D:4      | Reached XP level 6. HP: 45/48 MP: 6/6
  2161 | D:4      | Reached skill level 5 in Armour
  2521 | D:5      | Entered Level 5 of the Dungeon
  2570 | D:5      | Identified the +6 spear of Iliuts {protect, rC+}
  2677 | D:5      | Reached XP level 7. HP: 55/55 MP: 7/7
  2992 | D:5      | Reached skill level 1 in Dodging
  2992 | D:5      | Reached skill level 1 in Stealth
  3345 | D:5      | Noticed a troll
  3426 | D:4      | HP: 2/55 [gnoll/+0 flail (3)]
  3838 | D:5      | Slain by a troll

Illustrated notes

Levels and vault maps discovered:
D:1:      shiori_arrival_whats_in_store_for_you, layout_basic,
          minmay_indecisive_spiral
D:2:      layout_rooms, shapermc_ecumenical_altar_ellora, basic_altar,
          uniq_crazy_yiuf_cottage
D:3:      layout_rooms
D:4:      layout_gridville, uniq_grinder
D:5:      layout_gridville, serial_bayou_lake_a

Skill      XL: |  1  2  3  4  5  6  7 |
---------------+----------------------+-----
Shields        | 4 |  4.5
Armour         | 4 5 |  5.5
Fighting       | 4 |  4.6
Polearms       | 2 3 |  3.2
Staves         | 3 4 |  4.0
Dodging        | 1 |  1.1
Stealth        | 1 |  1.1

Action                   |  1- 3 |  4- 6 |  7- 9 || total
-------------------------+-------+-------+-------++-------
Melee: Quarterstaff      |    36 |    43 |       ||    79
       Trident           |    47 |       |       ||    47
       Spear             |       |     2 |   101 ||   103
  Use: Potion            |       |     1 |       ||     1
Armor: Scale mail        |    33 |    17 |    63 ||   113
Dodge: Dodged            |    26 |    19 |    63 ||   108
Block: Buckler           |    11 |     5 |    20 ||    36
